Map: Blueshift LE

Players

Lambo

  • Race: Zerg Zerg
  • Spawn Location: 7:00

Maru - Winner!

  • Race: Terran Terran
  • Spawn Location: 1:00

Event: 2018 WCS Global Finals

VOD

Have the link to the VOD?

Description

Time

  • Played on: Oct. 26, 2018, 11:49 a.m.
  • Length: 14:02

All games in this series

Show
View Real Time Build Order
Export as new Build Order

Lambo Zerg 

Build Orders: Hatch First 

Get SALT Encoding   

  12  0:00  Drone  
  13  0:12  Overlord  
  13  0:18  Drone  
  14  0:31  Drone x2  
  16  0:47  Hatchery  
  15  0:50  Drone  
  15  0:54  Drone  
  17  0:57  Drone  
  18  1:07  Extractor  
  17  1:12  Spawning Pool  
  17  1:15  Drone  
  18  1:18  Drone  
  18  1:27  Drone  
  19  1:38  Drone  
  20  1:49  Drone  
  21  1:59  Zergling x2, Queen  
  21  2:00  Zergling x2, Queen  
  27  2:13  Overlord  
  27  2:15  Drone  
  28  2:36  Drone x4  
  31  2:37  Queen  
  31  2:44  Overlord, Metabolic Boost  
  33  2:45  Drone  
  34  2:54  Drone  
  35  3:06  Drone x3  
  35  3:11  Hatchery  
  35  3:12  Drone x2  
  39  3:13  Drone, Queen  
  39  3:18  Overlord  
  42  3:26  Zergling x2  
  43  3:34  Overlord  
  43  3:38  Drone x2  
  43  3:40  Drone  
  46  3:41  Queen  
  46  3:42  Drone x2  
  46  3:43  Overlord  
  46  3:47  Zergling x2  
  51  3:52  Drone x2  
  51  3:53  Queen  
  51  3:55  Drone  
  56  3:58  Drone  
  57  4:04  Overlord  
  57  4:05  Drone  
  58  4:13  Overlord, Zergling x2  
  59  4:20  Lair  
  59  4:21  Drone  
  59  4:23  Zergling x2  
  59  4:24  Overlord, Zergling x6  
  64  4:26  Drone  
  64  4:29  Drone  
  64  4:30  Drone  
  67  4:35  Spore Crawler  
  67  4:36  Spore Crawler x2  
  67  4:38  Queen  
  64  4:41  Drone  
  64  4:43  Drone x2  
  64  4:45  Drone  
  70  4:50  Extractor x2  
  70  4:51  Drone, Baneling Nest  
  68  4:56  Drone x3  
  68  4:58  Drone x2  
  73  5:04  Drone  
  74  5:07  Drone x2  
  74  5:11  Drone x3  
  78  5:18  Overseer, Drone x3  
  79  5:27  Evolution Chamber  
  78  5:29  Evolution Chamber  
  78  5:30  Drone  
  78  5:31  Drone x3  
  78  5:35  Drone x5  
  86  5:38  Centrifical Hooks  
  86  5:39  Extractor  
  86  5:41  Drone  
  85  5:50  Drone x4  
  85  5:55  Hatchery  
  88  5:57  Drone  
  88  6:00  Extractor  
  88  6:01  Zerg Ground Armor Level 1, Zerg Melee Weapons Level 1  
  88  6:04  Overlord  
  88  6:05  Drone x2  
  90  6:11  Overlord, Hydralisk Den  
  90  6:14  Overlord x2  
  90  6:17  Overlord  
  89  6:22  Overseer  
  89  6:24  Drone x2  
  90  6:25  Zergling x6  
  90  6:26  Zergling x2  
  90  6:30  Zergling x8  
  97  6:34  Zergling x2  
  97  6:36  Zergling x8  
  102  6:41  Zergling x2  
  102  6:45  Muscular Augments  
  102  6:47  Zergling x8  
  105  6:49  Baneling x5  
  105  6:52  Overlord  
  106  6:55  Zergling x2  
  106  6:59  Zergling x6  
  110  7:07  Overlord, Zergling x6  
  113  7:12  Drone x7  
  115  7:17  Drone x2  
  115  7:20  Zergling x2  
  118  7:24  Zergling x6  
  118  7:27  Baneling x3  
  121  7:30  Drone  
  121  7:34  Zergling x10  
  126  7:37  Overseer  
  127  7:44  Overlord  
  127  7:46  Overlord x2, Infestation Pit  
  127  7:47  Overseer  
  127  7:51  Overlord  
  126  7:55  Overlord  
  126  7:57  Overlord, Grooved Spines  
  126  8:00  Overlord  
  126  8:03  Hydralisk  
  126  8:04  Zergling x20  
  130  8:06  Baneling x20, Pneumatized Carapace  
  130  8:11  Baneling x6  
  130  8:12  Zergling x4  
  132  8:19  Zergling x2  
  138  8:20  Zergling x14  
  138  8:23  Hatchery  
  137  8:30  Zergling x4  
  137  8:31  Zergling x2  
  138  8:38  Zerg Ground Armor Level 2, Zerg Melee Weapons Level 2  
  138  8:39  Zergling x4  
  130  8:48  Hydralisk x6  
  130  8:49  Zergling x2  
  130  8:53  Zergling x2  
  130  8:54  Zergling x6  
  147  8:59  Hatchery, Extractor  
  147  9:00  Zergling x4  
  147  9:01  Baneling  
  144  9:06  Hive  
  144  9:09  Zergling x6  
  146  9:15  Zergling x2  
  146  9:16  Zergling x6  
  150  9:17  Baneling x3  
  150  9:23  Baneling x2  
  149  9:24  Zergling x6  
  152  9:32  Zergling x10  
  152  9:33  Zergling x4  
  152  9:38  Zergling x2  
  159  9:42  Hydralisk x2  
  160  9:47  Zergling x2  
  160  9:52  Overlord  
  161  9:55  Overlord  
  161  9:56  Overlord  
  141  10:05  Zergling x14  
  141  10:08  Hydralisk x2  
  141  10:11  Baneling x7  
  141  10:12  Hydralisk  
  141  10:13  Zergling x8  
  150  10:20  Zergling x6  
  153  10:21  Baneling x4  
  153  10:27  Viper x3  
  162  10:28  Zergling x2  
  162  10:29  Zergling x2  
  162  10:33  Zergling x2  
  162  10:34  Zergling x4  
  158  10:38  Baneling x7  
  158  10:39  Hatchery  
  158  10:40  Zergling x10  
  161  10:44  Zergling x2  
  161  10:45  Zergling x8  
  165  10:53  Zergling x2  
  166  11:02  Zergling x2  
  166  11:03  Zergling x10  
  172  11:09  Zergling x16  
  165  11:15  Hatchery  
  165  11:16  Zergling x10  
  167  11:19  Hydralisk  
  167  11:23  Hydralisk  
  167  11:24  Zergling x4  
  158  11:26  Baneling x9  
  158  11:27  Hydralisk, Zergling x6  
  157  11:34  Zergling x8  
  146  11:40  Hydralisk x2, Zergling x2  
  146  11:44  Hydralisk  
  146  11:45  Zergling x4  
  145  11:48  Baneling  
  145  11:49  Hydralisk  
  145  11:52  Drone x2  
  149  12:00  Zergling x12  
  135  12:02  Viper  
  135  12:04  Zergling x2  
  135  12:08  Zerg Missile Weapons Level 1  
  131  12:09  Zergling x2  
  131  12:11  Zergling x4  
  131  12:14  Overseer  
  134  12:18  Zergling x8  
  134  12:20  Overseer  
  138  12:23  Baneling  
  138  12:28  Hydralisk x2  
  138  12:29  Zergling x6  
  145  12:35  Overseer  
  145  12:36  Zergling x10  
  150  12:42  Baneling x6  
  150  12:43  Zergling x4  
  152  12:50  Zergling x12  
  150  12:54  Baneling x3  
  150  12:55  Zergling x4  
  150  12:56  Baneling x2  
  150  12:59  Zergling x2  
  150  13:00  Zergling x4  
  150  13:02  Zergling x2  
  150  13:03  Zergling x2  
  150  13:05  Zergling x4  
  155  13:09  Zergling x6  
  156  13:17  Unknown  
  156  13:18  Hydralisk x3  
  156  13:19  Zergling x2  
  156  13:27  Hatchery  
  148  13:32  Zergling x2  
  148  13:33  Zergling x4  
  151  13:37  Zergling x4  
  151  13:38  Zergling x4  
  154  13:41  Zergling x2  
  154  13:42  Zergling x4  
Show
View Real Time Build Order
Export as new Build Order

Maru Terran - Winner!

Build Orders: Gas First Reaper Expand, Reaper Expand, Hellion Banshee 

Get SALT Encoding   

  12  0:00  SCV  
  13  0:12  SCV  
  14  0:17  Supply Depot  
  14  0:24  SCV  
  15  0:29  Refinery  
  15  0:39  SCV  
  16  0:43  Barracks  
  16  0:51  SCV  
  17  1:03  SCV  
  18  1:15  SCV  
  19  1:30  Orbital Command  
  19  1:31  Reaper  
  20  1:42  Command Center  
  20  1:55  Factory  
  20  1:56  SCV  
  21  2:06  Barracks Reactor  
  21  2:08  SCV  
  22  2:11  Supply Depot  
  22  2:15  Refinery  
  22  2:20  SCV  
  23  2:33  SCV  
  24  2:44  Starport  
  24  2:45  SCV  
  24  2:48  Hellion x2  
  29  2:54  Orbital Command  
  29  2:56  Marine  
  29  2:58  SCV  
  31  3:09  Hellion  
  31  3:10  Hellion  
  35  3:13  SCV  
  35  3:16  Marine  
  37  3:20  Starport Tech Lab  
  37  3:21  SCV  
  38  3:28  Supply Depot  
  38  3:31  Hellion, SCV  
  41  3:37  Hellion  
  41  3:38  SCV  
  41  3:40  Cloaking Field  
  44  3:49  SCV  
  44  3:50  Banshee  
  48  3:57  Supply Depot, Barracks Tech Lab  
  48  4:02  SCV  
  49  4:07  SCV  
  50  4:14  SCV  
  51  4:18  Stimpack  
  51  4:19  SCV  
  51  4:20  Command Center  
  52  4:24  Supply Depot  
  52  4:26  SCV  
  53  4:31  SCV  
  53  4:33  Factory Reactor  
  53  4:34  Banshee  
  58  4:38  SCV  
  58  4:43  SCV  
  59  4:49  Barracks  
  59  4:51  SCV  
  59  4:52  Barracks  
  60  4:58  SCV  
  61  5:00  Engineering Bay  
  61  5:01  Engineering Bay  
  61  5:02  Supply Depot  
  61  5:04  SCV  
  62  5:10  SCV  
  63  5:16  Marine, SCV  
  65  5:22  SCV, Refinery  
  65  5:24  Starport Reactor  
  66  5:28  SCV  
  66  5:29  Siege Tank  
  66  5:30  Terran Infantry Weapons Level 1, Terran Infantry Armor Level 1  
  66  5:34  Marine, SCV  
  66  5:35  Orbital Command  
  71  5:39  Marine  
  71  5:40  Marine  
  71  5:41  SCV  
  74  5:46  Marine  
  74  5:47  Marine, SCV  
  77  5:52  Marine  
  77  5:53  SCV  
  77  5:57  Marine, Refinery  
  76  5:59  Orbital Command, SCV  
  76  6:01  Medivac x2  
  82  6:05  Marine x2, SCV  
  82  6:11  Marine, SCV  
  86  6:13  Supply Depot  
  86  6:16  Marine  
  86  6:17  SCV  
  89  6:19  Supply Depot  
  89  6:22  Siege Tank  
  89  6:23  SCV  
  93  6:31  Supply Depot  
  93  6:34  Combat Shield, Marine  
  93  6:35  SCV x3  
  97  6:40  Supply Depot  
  97  6:41  Medivac  
  99  6:47  SCV x3  
  99  6:49  Marine x3  
  99  6:50  Marine  
  106  6:54  Siege Tank  
  106  6:55  Armory  
  106  6:59  SCV x3  
  112  7:04  Marine, Supply Depot  
  112  7:07  Marine, Medivac  
  116  7:11  SCV x3  
  116  7:13  Marine x3  
  122  7:22  Marine  
  122  7:23  SCV x2, Supply Depot  
  122  7:25  Marine, SCV  
  122  7:28  Medivac  
  129  7:30  Siege Tank  
  129  7:31  Marine  
  129  7:36  Supply Depot  
  133  7:45  Marine x3, SCV x3  
  133  7:47  Barracks, Supply Depot, Refinery  
  133  7:48  Barracks, Refinery  
  139  7:53  Terran Infantry Weapons Level 2  
  139  7:57  SCV x2  
  139  7:58  SCV  
  142  8:01  Marine x2  
  142  8:05  Marine x2  
  144  8:07  Siege Tank  
  144  8:09  SCV x2, Supply Depot  
  144  8:10  Supply Depot  
  144  8:11  Marine  
  152  8:15  Medivac  
  152  8:16  Medivac  
  156  8:28  Command Center  
  156  8:31  Supply Depot x2  
  156  8:35  Barracks Reactor x2  
  156  8:38  Marine x2  
  156  8:39  Marine x3  
  151  8:41  Siege Tank  
  151  8:46  SCV  
  151  8:47  Terran Vehicle Weapons Level 1  
  154  8:52  SCV  
  154  8:53  Liberator x2  
  153  8:56  Marine x4  
  153  8:57  Marine  
  153  9:01  SCV x2  
  156  9:04  SCV  
  157  9:13  SCV  
  157  9:14  Marine x4  
  157  9:15  Marine  
  169  9:22  Marine x4  
  173  9:25  Factory  
  173  9:32  Marine x4  
  173  9:33  Marauder  
  179  9:40  Marine x4  
  172  9:45  Siege Tank  
  172  9:47  Sensor Tower  
  172  9:49  Marine  
  172  9:50  Marine x2  
  172  9:51  Marine  
  179  9:55  Marauder  
  179  10:03  SCV  
  177  10:10  Factory Tech Lab  
  177  10:11  Marine x5  
  177  10:13  SCV  
  183  10:15  Planetary Fortress  
  183  10:16  Marauder, SCV x2  
  187  10:30  Marine x2  
  189  10:37  Terran Infantry Armor Level 2, Marauder  
  189  10:38  Terran Infantry Weapons Level 3  
  189  10:39  Barracks  
  189  10:40  Barracks  
  189  10:41  Barracks  
  191  10:43  Siege Tank  
  191  10:44  Siege Tank  
  191  10:46  Marine x2  
  193  10:51  Marine  
  193  10:55  Terran Vehicle Weapons Level 2  
  194  10:59  Marauder  
  196  11:11  Medivac  
  196  11:18  Marine  
  199  11:25  Marauder, Marine x2, Siege Tank x2  
  199  11:26  Marine  
  200  11:34  Command Center  
  200  11:35  Barracks Tech Lab x3  
  200  11:36  Ghost Academy  
  187  11:45  Unknown, Marine x2  
  187  11:46  Unknown x7, Marauder  
  162  11:47  Command Center  
  162  11:48  Medivac x2  
  159  11:57  Siege Tank x2  
  159  12:03  Marauder, Marine  
  159  12:04  Marauder x2, Marine x5  
  159  12:05  Marine x2  
  159  12:08  Marauder  
  173  12:20  Marine  
  173  12:21  Command Center  
  174  12:24  Marauder, Marine x2  
  174  12:26  Marauder x2  
  174  12:29  Siege Tank x2  
  188  12:31  Marine x3  
  188  12:32  Marauder  
  193  12:42  Marine x4  
  197  12:46  Marauder  
  194  12:53  Marauder  
  194  12:54  Concussive Shells  
  194  12:56  Marine x2  
  194  12:57  Marauder  
  200  13:17  Marine  
  200  13:18  Marauder  
  194  13:25  Ghost x3  
  194  13:26  Marine x5  
  186  13:36  Command Center  
  186  13:37  Command Center  
  186  13:38  Marine  
  189  13:46  Refinery x2  
  189  13:48  Starport  
  189  13:49  Starport  
Tags
 
Add a new tag
Caveats
  • Supply blocks, unpowered buildings, or Contaminate may cause inaccurate times.
  • Supply counts are checked every 10 seconds.